 Dungeon Crawl Stone Soup version 0.22.0-40-g68aacdc4c8 (webtiles) character file.

781 Kaderl the Grave Robber (level 7, -1/52 HPs)
             Began as a Ghoul Necromancer on Sept 1, 2018.
             Hit by a stone thrown by an orc warrior (16 damage)
             ... on level 6 of the Dungeon.
             The game lasted 00:44:24 (5397 turns).

Kaderl the Grave Robber (Ghoul Necromancer)         Turns: 5397, Time: 00:44:25

Health: -1/52      AC:  4    Str: 12    XL:     7   Next: 85%
Magic:  8/12       EV: 13    Int: 12    God:
Gold:   344        SH:  0    Dex:  9    Spells: 6/15 levels left

rFire    . . .     SeeInvis .   j - +2 dagger (venom)
rCold    + . .     Gourm    .   (no shield)
rNeg     + + +     Faith    .   a - +1 robe
rPois    ∞         Spirit   .   (no helmet)
rElec    .         Reflect  .   (no cloak)
rCorr    .         Harm     .   d - +0 pair of gloves
MR       +....                  (no boots)
Stlth    ++........             n - amulet of magic regeneration
HPRegen  0.00/turn              k - ring of protection from magic
MPRegen  0.38/turn              (no ring)

@: rotting
A: rotting body, claws 1, carnivore, cold resistance 1, negative energy
resistance 3, inhibited regeneration, torment resistance, unbreathing
a: no special abilities


You were on level 6 of the Dungeon.
You were not hungry.

You visited 1 branch of the dungeon, and saw 6 of its levels.

You collected 344 gold pieces.

Inventory:

Hand Weapons
 j - a +2 dagger of venom (weapon)
Armour
 a - a +1 robe (worn)
 d - a +0 pair of gloves (worn)
Jewellery
 k - a ring of protection from magic (left hand)
 n - an amulet of magic regeneration (around neck)
 o - an uncursed ring of protection from cold
Wands
 s - a wand of paralysis (17)
 w - a wand of iceblast (4)
Scrolls
 l - 4 scrolls of fear
 p - a scroll of magic mapping
 r - a scroll of noise
 t - a scroll of remove curse
 u - 2 scrolls of enchant armour
 v - a scroll of fog
 x - a scroll of teleportation
Potions
 b - a potion of berserk rage
 e - a potion of haste {unknown}
 f - a potion of cancellation {unknown}
 g - a potion of agility {unknown}
 h - a potion of ambrosia {unknown}
 i - a potion of heal wounds {unknown}
 m - 2 potions of curing
 q - a potion of degeneration {unknown}
Comestibles
 c - 6 rations


   Skills:
 + Level 1.5 Fighting
 + Level 1.5 Short Blades
 + Level 3.1 Dodging
 + Level 2.9 Stealth
 + Level 0.4 Unarmed Combat
 + Level 4.5 Spellcasting
 + Level 0.4 Charms
 + Level 6.4 Necromancy


You had 6 spell levels left.
You knew the following spells:

 Your Spells              Type           Power        Failure   Level  Hunger
a - Pain                  Necr           ###.         1%          1    None
b - Animate Skeleton      Necr           N/A          1%          1    None
c - Animate Dead          Necr           N/A          16%         4    ####...
d - Regeneration          Chrm/Necr      ##........   16%         3    ###....

Your spell library contained the following spells:

 Spells                   Type           Power        Failure   Level  Hunger
 Vampiric Draining        Necr           ###.......   4%          3    ###....


Dungeon Overview and Level Annotations

Branches:
Dungeon (6/15)
 Temple: D:4-7

Altars:
Ashenzari
Dithmenos
Elyvilon
Hepliaklqana
Qazlal
Sif Muna
Uskayaw
Wu Jian
Xom
Zin

Shops:
D:3 *

Annotations:
D:3 Grinder
D:5 Dowan, Duvessa


Innate Abilities, Weirdness & Mutations

Your body is rotting away.
You thrive on raw meat.
You are immune to poison.
You have sharp fingernails.
You are carnivorous and can eat meat at any time.
Your flesh is cold resistant. (rC+)
You are immune to negative energy. (rN+++)
You do not regenerate when monsters are visible.
You are immune to unholy pain and torment.
You can survive without breathing.


Message History

Press: ? - help, Shift-Dir - straight line, f/p - orc warrior
Aim: an orc warrior, wielding a long sword of electrocution and wearing a chain mail (moderately wounded, chance to defeat MR: 78%)
The orc warrior writhes in agony!
The orc warrior throws a stone.
The stone hits you!
Casting: Pain (safe; 1% risk of failure)
Confirm with . or Enter, or press ? or * to list all spells.
Aiming: Pain (safe; 1% risk of failure)
Press: ? - help, Shift-Dir - straight line, f/p - orc warrior
Aim: an orc warrior, wielding a long sword of electrocution and wearing a chain mail (moderately wounded, chance to defeat MR: 78%)
The orc warrior writhes in agony!
The orc warrior throws a stone.
The stone hits you!
* * * LOW HITPOINT WARNING * * *
Casting: Pain (safe; 1% risk of failure)
Confirm with . or Enter, or press ? or * to list all spells.
Aiming: Pain (safe; 1% risk of failure)
Press: ? - help, Shift-Dir - straight line, f/p - orc warrior
Aim: an orc warrior, wielding a long sword of electrocution and wearing a chain mail (heavily wounded, chance to defeat MR: 78%)
The orc warrior writhes in agony!
The orc warrior throws a stone.
The stone hits you!
You die...

########### #. #.........# #. ###
#.........# #. #.### #.........#
#. #...# #.........# #.
#######.#.# ###.........####.
#.......#.# #...........'....
##.#######.######.#.........##...
#............o..@Z.Z.............
#########...##################.[.
#...##### #..Z #........ ####
######### ####### #...... #......
## #...... .# ######.


You could see an orc warrior, a friendly orc priest zombie and a friendly orc
wizard zombie.

Vanquished Creatures
  An ice beast (D:5)
  An ogre (D:4)
  A howler monkey (D:5)
  A crimson imp (D:6)
  A bullfrog zombie (D:6)
  A hound (D:4)
  An orc priest (D:6)
  3 orc wizards
  3 iguanas
  2 worker ants
  A hound skeleton (D:6)
  3 adders
  3 gnolls (D:3)
  A shadow imp (D:6)
  2 oozes
  An adder skeleton (D:3)
  2 dart slugs
  3 leopard geckos
  9 orcs
  6 bats
  2 giant cockroaches
  5 goblins
  5 hobgoblins
  8 jackals
  8 kobolds
  2 quokkas
  3 ball pythons (D:2)
  3 frilled lizards
  14 rats
96 creatures vanquished.

Vanquished Creatures (collateral kills)
  A hound skeleton (D:4)
  A worker ant zombie (D:5)
  3 adders
  A worm (D:4)
  A leopard gecko (D:2)
  2 orcs (D:3)
  A goblin (D:1)
  2 hobgoblins (D:3)
  A jackal (D:3)
  A kobold (D:2)
  A ball python (D:3)
  4 bats
  A frilled lizard (D:1)
  4 rats (D:3)
24 creatures vanquished.

Grand Total: 120 creatures vanquished

Notes
Turn   | Place    | Note
-------+----------+-------------------------------------------
     0 | D:1      | Kaderl the Ghoul Necromancer began the quest for the Orb.
     0 | D:1      | Reached XP level 1. HP: 14/14 MP: 2/2
    24 | D:1      | Learned a level 1 spell: Animate Skeleton
    83 | D:1      | Reached XP level 2. HP: 6/20 MP: 0/3
   460 | D:1      | Reached XP level 3. HP: 25/26 MP: 4/4
   964 | D:2      | Found a shadowy altar of Dithmenos.
   983 | D:2      | Found a hazy altar of Hepliaklqana.
   983 | D:2      | Found an ornate altar of the Wu Jian Council.
   984 | D:2      | Found a shattered altar of Ashenzari.
  1118 | D:2      | Found a shimmering altar of Xom.
  1320 | D:2      | Reached XP level 4. HP: 33/33 MP: 6/6
  1431 | D:3      | Found Zin's Purification Station.
  1441 | D:3      | Found a glowing silver altar of Zin.
  1675 | D:3      | Learned a level 4 spell: Animate Dead
  1753 | D:3      | Reached skill level 5 in Necromancy
  1753 | D:3      | Reached XP level 5. HP: 19/38 MP: 1/7
  1810 | D:3      | Reached skill level 1 in Fighting
  2169 | D:3      | Reached skill level 1 in Short Blades
  2175 | D:3      | Noticed Grinder
  2179 | D:3      | Paralysed by Grinder for 7 turns
  2246 | D:3      | Learned a level 3 spell: Regeneration
  2553 | D:3      | Paralysed by Grinder for 2 turns
  2995 | D:4      | Reached XP level 6. HP: 36/44 MP: 6/9
  3645 | D:5      | Entered Level 5 of the Dungeon
  3645 | D:5      | Noticed a phantom
  3692 | D:5      | Found a deep blue altar of Sif Muna.
  3692 | D:5      | Found a white marble altar of Elyvilon.
  3692 | D:5      | Found a stormy altar of Qazlal.
  3692 | D:5      | Found a hide-covered altar of Uskayaw.
  3702 | D:5      | Noticed a phantom
  4023 | D:5      | Noticed a sky beast
  4123 | D:5      | Noticed an ice beast
  4230 | D:5      | Reached XP level 7. HP: 47/52 MP: 6/11
  4373 | D:5      | Reached skill level 6 in Necromancy
  4530 | D:5      | Noticed Dowan
  4531 | D:5      | Noticed Duvessa
  5397 | D:6      | Hit by a stone thrown by an orc warrior

Skill      XL: |  1  2  3  4  5  6  7 |
---------------+----------------------+-----
Spellcasting   | 2 3 4 |  4.5
Dodging        | 2 3 |  3.1
Necromancy     | 5 6 |  6.4
Fighting       | 1 |  1.5
Short Blades   | 1 |  1.5
Stealth        | |  2.9
Unarmed Combat | |  0.4
Charms         | |  0.4

Action                   |  1- 3 |  4- 6 |  7- 9 || total
-------------------------+-------+-------+-------++-------
Melee: Unarmed           |    13 |       |       ||    13
       Dagger            |   132 |   181 |    75 ||   388
 Cast: Pain              |    20 |   110 |    62 ||   192
       Animate Skeleton  |    21 |    17 |     1 ||    39
       Animate Dead      |       |     6 |     6 ||    12
       Regeneration      |       |    10 |     9 ||    19
  Use: Scroll            |     5 |    10 |     2 ||    17
       Potion            |       |     2 |     2 ||     4
 Stab: Sleeping          |     7 |     1 |       ||     8
       Distracted        |       |     1 |       ||     1
  Eat: Chunk             |    26 |    29 |     4 ||    59
       Ration            |       |     3 |     2 ||     5
Armor: Robe              |    55 |    43 |    17 ||   115
Dodge: Dodged            |   125 |   127 |    61 ||   313
